 Dungeon Crawl Stone Soup version 0.29.1-1-gd02db6906a (webtiles) character file.

Game seed: 11394477362635969355

295 nshep25 the Covered (level 6, -3/53 HPs)
             Began as a Minotaur Fighter on Oct 13, 2022.
             Slain by Natasha (7 damage)
             ... on level 4 of the Dungeon.
             The game lasted 00:06:32 (2733 turns).

nshep25 the Covered (Minotaur Fighter)              Turns: 2733, Time: 00:06:33

Health: -3/53      AC:  8    Str: 23    XL:     6   Next: 11%
Magic:  1/5        EV:  9    Int:  5    God:
Gold:   201        SH:  4    Dex:  9    Spells: 5/5 levels left

rFire   + . .      SeeInvis .   a - +0 war axe
rCold   . . .      Faith    .   c - +0 buckler
rNeg    . . .      Spirit   .   b - +0 scale mail
rPois   .          Reflect  .   (helmet restricted)
rElec   .          Harm     .   (no cloak)
rCorr   .          Rampage  .   q - +0 pair of gloves
Will    .....                   (no boots)
Stlth   ..........              (no amulet)
HPRegen 0.17/turn               i - ring of protection from fire
MPRegen 0.09/turn               (no ring)

@: no status effects
A: horns 2, retaliatory headbutt
a: no special abilities


You were on level 4 of the Dungeon.
You visited 1 branch of the dungeon, and saw 4 of its levels.

You collected 201 gold pieces.

Inventory:

Hand Weapons
 a - a +0 war axe (weapon)
Armour
 b - a +0 scale mail (worn)
 c - a +0 buckler (worn)
 q - a +0 pair of gloves (worn)
Jewellery
 i - a ring of protection from fire (left hand)
 u - a ring of protection from cold
Scrolls
 g - 3 scrolls of identify {unknown}
 h - a scroll of summoning {unknown}
 j - 3 scrolls of teleportation {unknown}
 k - a scroll of noise {unknown}
 l - a scroll of enchant weapon {unknown}
 m - a scroll of fog {unknown}
 n - a scroll of amnesia {unknown}
 o - a scroll of blinking {unknown}
 r - a scroll of vulnerability {unknown}
 s - a scroll of fear {unknown}
Potions
 d - a potion of might
 e - 4 potions of curing {unknown}
 f - a potion of flight {unknown}
 p - a potion of lignification {unknown}
 t - a potion of mutation {unknown}


   Skills:
 + Level 4.7 Fighting
 + Level 5.2 Axes
 + Level 5.4 Armour
 + Level 1.1 Dodging
 + Level 0.3 Stealth
 + Level 4.0 Shields


You had 5 spell levels left.
You didn't know any spells.
Your spell library contained the following spells:

 Spells                   Type           Power      Damage    Failure   Level
 Apportation              Tloc           0%         N/A       86%         1
 Iskenderun's Mystic Bla  Conj/Tloc      0%         2d3       100%        4
 Alistair's Intoxication  Tmut/Pois      0%         N/A       100%        5
 Irradiate                Conj/Tmut      0%         3d11      100%        5
 Silence                  Hex/Air        0%         N/A       100%        5


Dungeon Overview and Level Annotations

Branches:
Dungeon (4/15)
 Temple: D:4-7

Altars:
Kikubaaqudgha
Sif Muna
Trog
Xom

Annotations:
D:4 Natasha


Innate Abilities, Weirdness & Mutations

You have a pair of horns on your head.
You reflexively headbutt those who attack you in melee.


Message History

You closely miss the gnoll. You miss Natasha.
The gnoll hits you with a +2 antimagic spear.
You feel your power leaking away. Natasha misses you.
You closely miss Natasha. You barely miss the gnoll.
The gnoll hits you with a +2 antimagic spear.
You feel your power leaking away. Natasha closely misses you.
You block the gnoll's attack.
You slash Natasha! Your headbutt misses Natasha.
Natasha is almost dead.
You hit the gnoll.
You kill the gnoll!
You hit the iron imp. Natasha claws you. You block the iron imp's attack.
The shadow imp barely misses you.
Your life force feels restored.
You barely miss Natasha. Your headbutt misses Natasha.
Natasha is almost dead.
You hit the iron imp. You barely miss the shadow imp. Natasha claws you.
The iron imp hits you but does no damage.
The shadow imp gestures at you. Pain shoots through your body!
* * * LOW HITPOINT WARNING * * *
Natasha stares at you and mumbles some strange words.
The magic dart hits you.
* * * LOW HITPOINT WARNING * * *
You miss Natasha.
Natasha is almost dead.
You hit the iron imp but do no damage. You closely miss the shadow imp.
The iron imp hits you but does no damage.
You block the shadow imp's attack.
Natasha mumbles some strange words.
You closely miss Natasha. Your headbutt misses Natasha.
Natasha is almost dead.
You slash the iron imp! You slash the shadow imp!
You kill the shadow imp!
The shadow imp disappears in a puff of smoke!
The iron imp hits you!
* * * LOW HITPOINT WARNING * * *
Natasha claws you!
You die...

.......##.)....#
.......###.....#
.. ..))...#
#.....# ...
..)....# #.....#
.... #.######
#.....######....
..#
#.....##........
###
#.....##........
.#
#....)##h.......
.#
#####..@55......
.# ###)ยง....../
.# #..####### .#
##..# ## .....
####.. ..# ## .#
.#


You could see an iron imp (summoned), Natasha and a white imp (summoned).

Vanquished Creatures
  A scorpion (D:4)
  A hound (D:4)
  A jelly (D:4)
  Jessica (D:3)
  7 gnolls (D:4)
  An adder (D:3)
  3 worms
  3 dart slugs
  4 ball pythons
  8 bats
  6 endoplasms
  7 giant cockroaches
  7 goblins
  2 hobgoblins
  4 kobolds
  A frilled lizard (D:3)
  5 rats
62 creatures vanquished.

Notes
Turn   | Place    | Note
-------+----------+-------------------------------------------
     0 | D:1      | nshep25 the Minotaur Fighter began the quest for the Orb.
     0 | D:1      | Reached XP level 1. HP: 19/19 MP: 0/0
   115 | D:1      | Found a faded altar of an unknown god.
   223 | D:1      | Reached XP level 2. HP: 27/27 MP: 1/1
   491 | D:1      | Reached XP level 3. HP: 33/33 MP: 2/2
   784 | D:2      | Got Ino Himo's Parchment of Arcane Weapons and Air
  1615 | D:3      | Noticed Jessica
  1622 | D:3      | Killed Jessica
  1623 | D:3      | Reached XP level 4. HP: 23/41 MP: 3/3
  1940 | D:3      | Found an ancient bone altar of Kikubaaqudgha.
  1954 | D:3      | Found a bloodstained altar of Trog.
  1959 | D:3      | Found a shimmering altar of Xom.
  1971 | D:3      | Found a shimmering blue altar of Sif Muna.
  2401 | D:4      | Reached XP level 5. HP: 25/47 MP: 4/4
  2569 | D:4      | Reached skill level 5 in Armour
  2576 | D:4      | Reached skill level 1 in Dodging
  2643 | D:4      | Reached skill level 5 in Axes
  2723 | D:4      | Noticed Natasha
  2725 | D:4      | Reached XP level 6. HP: 48/51 MP: 5/5
  2733 | D:4      | Slain by Natasha

Illustrated notes

Levels and vault maps discovered:
D:1:      minmay_arrival_nine_rooms, layout_rooms,
          hellmonk_ecumenical_altar_crossroads
D:2:      kennysheep_big_flooded_room, layout_basic
D:3:      layout_rooms, grunt_temple_overflow_cloverleaf, uniq_jessica
D:4:      layout_basic, mainiacjoe_overflow_tiny_flanked, minmay_joined_circles,
          uniq_robin, uniq_natasha, uniq_sigmund

Skill      XL: |  1  2  3  4  5 |
---------------+----------------+-----
Fighting       | 4 |  4.7
Armour         | 4 5 |  5.4
Axes           | 3 4 5 |  5.2
Shields        | 4 |  4.0
Dodging        | 1 |  1.1
Stealth        | |  0.3

Action                   |  1- 3 |  4- 6 || total
-------------------------+-------+-------++-------
Melee: War axe           |    77 |    57 ||   134
       Headbutt          |     9 |     6 ||    15
Armor: Scale mail        |    46 |    24 ||    70
Dodge: Dodged            |    35 |    34 ||    69
Block: Buckler           |    14 |    17 ||    31
